 Dungeon Crawl Stone Soup version 0.29.1-14-g9c671dbff4 (webtiles) character file.

Game seed: 10415933717872052284

9 tizbic2 the Trooper (level 2, 0/32 HPs)
             Began as an Ogre Fighter on Feb 15, 2023.
             Slain by a jackal (2 damage)
             ... on level 1 of the Dungeon.
             The game lasted 00:00:54 (195 turns).

tizbic2 the Trooper (Ogre Fighter)                   Turns: 195, Time: 00:00:55

Health: 0/32       AC:  3    Str: 19    XL:     2   Next: 16%
Magic:  2/2        EV:  8    Int:  9    God:
Gold:   0          SH:  7    Dex:  8    Spells: 1/1 levels left

rFire   . . .      SeeInvis .   a - +0 flail
rCold   . . .      Faith    .   c - +0 kite shield
rNeg    . . .      Spirit   .   f - +0 robe
rPois   .          Reflect  .   (helmet restricted)
rElec   .          Harm     .   (no cloak)
rCorr   .          Rampage  .   (gloves unavailable)
Will    .....                   (boots unavailable)
Stlth   +.........              (no amulet)
HPRegen 0.10/turn               (no ring)
MPRegen 0.08/turn               (no ring)

@: mighty
A: large, unfitting armour, tough skin 1
a: no special abilities


You were on level 1 of the Dungeon.
You visited 1 branch of the dungeon, and saw 1 of its levels.

Inventory:

Hand Weapons
 a - a +0 flail (weapon)
Armour
 c - a +0 kite shield (worn)
 f - a +0 robe (worn)
Scrolls
 e - a scroll of identify {unknown}
Potions
 d - a potion of might


   Skills:
 + Level 4.2 Fighting
 * Level 2.2 Maces & Flails
 - Level 2.6 Dodging
 + Level 3.1 Shields


You had one spell level left.
You didn't know any spells.
Your spell library was empty.

Dungeon Overview and Level Annotations

Branches:
Dungeon (1/15)

Altars:


Innate Abilities, Weirdness & Mutations

You are too large for most types of armour.
You have tough skin. (AC +1)


Message History

You block the jackal's attack.
You closely miss the jackal. You block the jackal's attack.
The jackal barely misses you.
The jackal bites you but does no damage.
You closely miss the jackal.
The jackal bites you but does no damage.
You block the jackal's attack.
The jackal barks!
You hit the jackal but do no damage. The jackal closely misses you.
The jackal bites you.
You closely miss the jackal. The jackal bites you.
The jackal bites you but does no damage.
You block the jackal's attack. The jackal bites you.
You hit the jackal but do no damage. You block the jackal's attack.
The jackal bites you but does no damage. x2
You block the jackal's attack.
You closely miss the jackal. The jackal barely misses you.
You block the jackal's attack. The jackal bites you.
* * * LOW HITPOINT WARNING * * *
The jackal bites you.
* * * LOW HITPOINT WARNING * * *
You hit the jackal.
The jackal is lightly wounded.
The jackal bites you but does no damage. x2
The jackal closely misses you.
The jackal bites you but does no damage.
You barely miss the jackal.
The jackal is lightly wounded.
The jackal bites you but does no damage. x2
The jackal barely misses you. You block the jackal's attack.
You feel very mighty all of a sudden. You block the jackal's attack.
The jackal barely misses you.
You sock the jackal!
You kill the jackal!
The jackal bites you.
* * * LOW HITPOINT WARNING * * *
The jackal bites you.
* * * LOW HITPOINT WARNING * * *
You barely miss the jackal. The jackal bites you.
You die...

.. ... .###### #..
........... #.# .........#
###.# ......... ####g..##
......# ........#####
##.#..#
.....#......####h....######
..........#....#@#.........
..g..............#.........
...#####......#............
.. ####.8...[...##........
#≈§§...................
#≈≈§≈..................
#§§≈≈†<8..8............
#§§≈≈..................
#§≈≈[...........#......


You could see a jackal.

Vanquished Creatures
  An endoplasm (D:1)
  A giant cockroach (D:1)
  A goblin (D:1)
  3 jackals (D:1)
  A quokka (D:1)
7 creatures vanquished.

Notes
Turn   | Place    | Note
-------+----------+-------------------------------------------
     0 | D:1      | tizbic2 the Ogre Fighter began the quest for the Orb.
     0 | D:1      | Reached XP level 1. HP: 24/24 MP: 1/1
   126 | D:1      | Reached XP level 2. HP: 17/32 MP: 2/2
   195 | D:1      | Slain by a jackal

Illustrated notes

Levels and vault maps discovered:
D:1:      grunt_arrival_lava_bath, layout_rooms, chequers_serial_rivers_small_3

Skill      XL: |  1 |
---------------+----+-----
Maces & Flails | 2 |  2.2
Fighting       | |  4.2
Dodging        | |  2.6
Shields        | |  3.1

Action                   || total
-------------------------++-------
Melee: Flail             ||    36
  Use: Potion            ||     1
Armor: Robe              ||    21
Dodge: Dodged            ||    20
Block: Kite shield       ||    27
